 Dungeon Crawl Stone Soup version 0.20-a0-760-g49f5558 (webtiles) character file.

168 Colliwobble the Cudgeler (level 5, -3/32 HPs)
             Began as a Gargoyle Fighter on Feb 25, 2017.
             Was an Initiate of Ru.
             Killed from afar by an orc wizard (6 damage)
             ... with a puff of flame
             ... on level 4 of the Dungeon.
             The game lasted 00:04:37 (2563 turns).

Colliwobble the Cudgeler (Gargoyle Fighter)         Turns: 2563, Time: 00:04:37

Health: -3/32      AC: 10    Str: 20    XL:     5   Next: 48%
Magic:  5/5        EV:  7    Int:  9    God:    Ru [......]
Gold:   162        SH:  9    Dex:  9    Spells: 4/4 levels left

rFire    . . .     SeeInvis .   a - +0 flail
rCold    + . .     Gourm    .   b - +0 scale mail
rNeg     + . .     Faith    .   c - +0 shield
rPois    ∞         Spirit   .   (no helmet)
rElec    +         Reflect  .   r - scarf {rC+}
rCorr    .         Harm     .   (no gloves)
MR       .....                  (no boots)
Stlth    ..........             (no amulet)
Regen    0.1/turn               (no ring)
MPRegen  0.1/turn               (no ring)

@: slowed, very slow
A: negative energy resistance 1, electricity resistance, unbreathing,
petrification resistance, rot immunity, AC +4
a: Renounce Religion


You were on level 4 of the Dungeon.
You worshipped Ru.
Ru was noncommittal.
You were near starving.

You visited 2 branches of the dungeon, and saw 5 of its levels.

You collected 162 gold pieces.

Inventory:

Hand Weapons
 a - a +0 flail (weapon)
Armour
 b - a +0 scale mail (worn)
 c - a +0 shield (worn)
 r - a scarf of cold resistance (worn)
Jewellery
 u - a +3 amulet of reflection {unknown}
Wands
 x - a wand of acid (3/15)
Scrolls
 g - a scroll of identify {unknown}
 j - a scroll of immolation {unknown}
 l - 3 scrolls of remove curse {unknown}
 q - 2 scrolls of enchant weapon {unknown}
 t - a scroll of teleportation {unknown}
 v - a scroll of recharging {unknown}
Potions
 d - 2 potions of might
 e - a potion of ambrosia {unknown}
 h - a potion of agility {unknown}
 i - a potion of berserk rage {unknown}
 k - 2 potions of curing {unknown}
 m - a potion of degeneration {unknown}
 n - a potion of mutation {unknown}
 o - a potion of resistance {unknown}
 w - a potion of haste {unknown}
Comestibles
 f - 4 bread rations
 p - 3 meat rations
 z - a royal jelly


   Skills:
 - Level 3.2 Fighting
 + Level 5.5 Maces & Flails
 - Level 3.2 Armour
 - Level 3.2 Shields


You had 4 spell levels left.
You didn't know any spells.

Dungeon Overview and Level Annotations

Branches:
Dungeon (4/15)             Temple (1/1) D:4

Altars:
Ashenzari
Dithmenos
Elyvilon
Fedhas
Hepliaklqana
Kikubaaqudgha
Makhleb
Nemelex Xobeh
Okawaru
Qazlal
Ru
Trog
Vehumet
Wu Jian
Yredelemnul
Zin
The Shining One


Innate Abilities, Weirdness & Mutations

You are resistant to torment.
Your stone body is resilient. (AC +4)
You are immune to poison.
You resist negative energy. (rN+)
You are resistant to electric shocks. (rElec)
You can survive without breathing.
You are immune to petrification.
You are immune to rotting.


Message History

You resist with some effort.
The orc wizard gestures at you while chanting.
The magic dart hits you!
* * * LOW HITPOINT WARNING * * *
Something hits you but does no damage.
You see here a short sword.
You hear some strange, mumbled words.
You are confused.
The orc wizard casts a spell at you. The magic dart hits you!
* * * LOW HITPOINT WARNING * * *
The orc wizard hits you but does no damage. x2
The orc wizard hits you but does no damage.
You bump into the rock wall.
You feel less confused.
The orc wizard hits you but does no damage.
You hear some strange, mumbled words.
A puff of flame appears from out of thin air!
The puff of flame hits you!
You die...

#.# .## . ..# ##.. #.# ##.
#.###..# #.#.# #.. #.#...# #.#.#
#.# #....##### #.#.# #.#
#..<.....# #.#.# #.# ##.##.##.##
#.#.# ##.##
###.........########.#.#####...#
#.......(......@o........##.###.
..#..⌠...⌠..#...{..)...#.#.## ##
##.#[........###.####..##..## #
#......>..............##..#
###.........###.#####.###.# #
#..⌠...⌠..#.........# ##. ##
#.............#######.# ##.###.
#.#.........#.# #.# #.....$ #
##.##.##.##.#######.# #.###..


You could see an orc wizard.

Vanquished Creatures
  An orc priest (D:3)
  An orc wizard (D:4)
  4 adders
  2 oozes
  A dart slug (D:2)
  4 leopard geckos
  3 orcs (D:3)
  8 giant cockroaches
  5 goblins
  4 hobgoblins
  6 jackals
  4 kobolds
  2 bats (D:2)
  5 frilled lizards
  6 rats
56 creatures vanquished.

Notes
Turn   | Place    | Note
-------+----------+-------------------------------------------
     0 | D:1      | Colliwobble the Gargoyle Fighter began the quest for the Orb.
     0 | D:1      | Reached XP level 1. HP: 14/14 MP: 1/1
    55 | D:1      | Reached XP level 2. HP: 16/19 MP: 2/2
    95 | D:1      | Reached skill level 3 in Maces & Flails
   221 | D:1      | Reached XP level 3. HP: 22/23 MP: 3/3
   748 | D:2      | Reached skill level 4 in Maces & Flails
   858 | D:2      | Reached XP level 4. HP: 28/28 MP: 4/4
  1604 | D:3      | Found a glowing golden altar of the Shining One.
  1636 | D:3      | Reached skill level 5 in Maces & Flails
  1636 | D:3      | Reached XP level 5. HP: 20/32 MP: 5/5
  1897 | D:3      | Found a faded altar of an unknown god.
  2289 | D:4      | Found a staircase to the Ecumenical Temple.
  2303 | Temple   | Entered the Ecumenical Temple
  2395 | Temple   | Became a worshipper of Ru the Awakened
  2563 | D:4      | Killed from afar by an orc wizard

Vault maps used:
D:1:      mrwooster_arrival_statue, minivault_23, minmay_tetromino_t2
D:3:      tso_oasis_becter, chequers_ecumenical_altar_simple_redux, first_bread
D:4:      tgw_sif, minmay_temple_entry_large_hall,
          minmay_a_box_with_orc_wizards_in_it
Temple:   nicolae_temple_elliptical

Skill      XL: |  1  2  3  4 |
---------------+-------------+-----
Maces & Flails | 3 4 5 |  5.5
Fighting       | |  3.2
Armour         | |  3.2
Shields        | |  3.2

Action                   |  1- 3 |  4- 6 || total
-------------------------+-------+-------++-------
Melee: Flail             |   122 |    99 ||   221
  Eat: Chunk             |       |     4 ||     4
Armor: Scale mail        |    71 |    61 ||   132
Dodge: Dodged            |    40 |    19 ||    59
Block: Shield            |    60 |    46 ||   106
